 Dungeon Crawl Stone Soup version 0.22-a0-512-g0943f25 (webtiles) character file.

1997 KristoblXynda the Grappler (level 9, -6/74 HPs)
             Began as a Troll Wizard on June 18, 2018.
             Was a Follower of Ashenzari.
             Mangled by a black bear (9 damage)
             ... on level 6 of the Dungeon.
             The game lasted 00:13:05 (4289 turns).

KristoblXynda the Grappler (Troll Wizard)           Turns: 4289, Time: 00:13:07

Health: -6/74      AC:  6    Str: 17    XL:     9   Next: 2%
Magic:  26/29      EV: 12    Int: 17    God:    Ashenzari [*.....]
Gold:   287        SH:  0    Dex:  8    Spells: 8/12 levels left

rFire    . . .     SeeInvis .     - Unarmed
rCold    . . .     Gourm    +   (no shield)
rNeg     . . .     Faith    .   x - +0 robe of Death's Door {MP+9 Slay+2 Stlth-} (curse)
rPois    .         Spirit   .   b - +0 hat
rElec    .         Reflect  .   y - +0 cloak
rCorr    .         Harm     .   (gloves unavailable)
MR       .....                  (boots unavailable)
Stlth    ..........             (no amulet)
HPRegen  0.62/turn              c - +3 ring of evasion (curse)
MPRegen  0.21/turn              r - ring of magical power (curse)

@: very slightly contaminated
A: large, unfitting armour, claws 3, fast metabolism 3, gourmand, regeneration
1, shaggy fur 1, tough skin 2
a: Curse Item, Scrying, Renounce Religion


You were on level 6 of the Dungeon.
You worshipped Ashenzari.
Ashenzari was aware of your devotion.
You were very full.

You visited 2 branches of the dungeon, and saw 7 of its levels.

You collected 287 gold pieces.

Inventory:

Hand Weapons
 m - a +0 whip of draining
Armour
 a - a scarf of spirit shield
 b - a +0 hat (worn)
 x - the cursed +0 robe of Death's Door (worn) {MP+9 Slay+2 Stlth-}
   (You found it on level 6 of the Dungeon)

   It affects your accuracy and damage with ranged weapons and melee attacks
   (+2).
   It affects your magic capacity (+9).
   It makes you less stealthy.
   It has a curse placed upon it.
 y - a +0 cloak (worn)
Jewellery
 c - a cursed +3 ring of evasion (left claw)
 h - an uncursed ring of protection from magic
 i - a +3 ring of strength
 r - a cursed ring of magical power (right claw)
 w - a +5 ring of protection
Wands
 t - a wand of disintegration (8)
 v - a wand of flame (42)
Scrolls
 e - 4 scrolls of remove curse
 f - a scroll of random uselessness {unknown}
 j - 4 scrolls of magic mapping
 k - 4 scrolls of fear
 n - a scroll of enchant armour {unknown}
 o - a scroll of teleportation {unknown}
 q - a scroll of immolation {unknown}
 u - 2 scrolls of identify
Potions
 g - a potion of agility
 l - 2 potions of curing
 s - a potion of magic
Comestibles
 d - 15 rations
 p - 3 chunks of flesh


   Skills:
 - Level 1.5 Dodging
 - Level 1.0 Stealth
 + Level 8.2 Unarmed Combat
 - Level 2.0 Spellcasting
 + Level 6.3 Conjurations
   Level 0.6 Summonings
   Level 0.6 Translocations


You had 8 spell levels left.
You knew the following spells:

 Your Spells              Type           Power        Failure   Level  Hunger
a - Magic Dart            Conj           ###.         1%          1    #......
b - Mephitic Cloud        Conj/Pois/Air  #.......     24%         3    ###....

Your spell library contained the following spells:

 Spells                   Type           Power        Failure   Level  Hunger
 Conjure Flame            Conj/Fire      ##......     16%         3    ###....
 Slow                     Hex            #.......     28%         2    ###....
 Blink                    Tloc           N/A          22%         2    ###....
 Call Imp                 Summ           #.......     22%         2    ###....


Dungeon Overview and Level Annotations

Branches:
Dungeon (6/15)             Temple (1/1) D:4

Altars:
Ashenzari
Dithmenos
Elyvilon
Fedhas
Hepliaklqana
Kikubaaqudgha
Makhleb
Qazlal
Ru
Sif Muna
Trog
Uskayaw
Vehumet
Xom
Yredelemnul
Zin
The Shining One


Innate Abilities, Weirdness & Mutations

You are too large for most types of armour.
You have claws for hands.
Your metabolism is lightning-fast.
You like to eat raw meat.
Your natural rate of healing is unusually fast.
You are covered in fur. (AC +1)
You have very tough skin. (AC +2)


Message History

You barely miss the black bear.
The black bear is severely wounded.
The black bear bites you!
* * * LOW HITPOINT WARNING * * *
The black bear closely misses you. The black bear claws you.
* * * LOW HITPOINT WARNING * * *
Casting: Mephitic Cloud (safe; 24% risk of failure)
Confirm with . or Enter, or press ? or * to list all spells.
Aiming: Mephitic Cloud (safe; 24% risk of failure)
Press: ? - help, Shift-Dir - straight line, f - black bear
Aim: a black bear (severely wounded, berserk, fast, unusually strong) That beam is likely to hit you.
Continue anyway?
You miscast Mephitic Cloud.
You are very lightly contaminated with residual magic.
You feel faint for a moment. The black bear bites you.
* * * LOW HITPOINT WARNING * * *
The black bear claws you.
* * * LOW HITPOINT WARNING * * *
The black bear closely misses you. The black bear bites you!
You die...

######............######...
..................#..##
.....###.................
.###.. #.......###.##.#..
##. ####...## #.#..#.# #.
###.####...##.#
#.####.............#
#....#..........####
###.h@....####..###
#.........## #...#
...#.?.....# #...## #
#.......# ###..# ##.....##
#### #.....# #.......
#.......# #.......


You could see a black bear (berserk).

Vanquished Creatures
  The ghost of Toevvela the Spear-Bearer, a novice MfHu of Makhleb (D:6)
  2 sky beasts
  A black bear (D:4)
  A necrophage (D:5)
  An ice beast (D:5)
  3 ogres
  A scorpion (D:5)
  A howler monkey (D:6)
  A crimson imp (D:5)
  4 hounds
  A centaur skeleton (D:4)
  A gnoll shaman (D:5)
  An orc priest (D:3)
  5 worker ants
  A hound zombie (D:6)
  22 gnolls
  A howler monkey skeleton (D:5)
  8 adders
  2 shadow imps (D:5)
  4 oozes
  A worm (D:2)
  A dart slug (D:1)
  3 leopard geckos
  4 orcs
  5 giant cockroaches
  5 goblins
  10 hobgoblins
  4 jackals
  15 kobolds
  2 quokkas (D:3)
  2 ball pythons
  12 bats
  6 frilled lizards
  10 rats
142 creatures vanquished.

Notes
Turn   | Place    | Note
-------+----------+-------------------------------------------
     0 | D:1      | KristoblXynda the Troll Wizard began the quest for the Orb.
     0 | D:1      | Reached XP level 1. HP: 16/16 MP: 2/2
    40 | D:1      | Reached skill level 1 in Conjurations
    76 | D:1      | Reached skill level 1 in Unarmed Combat
   104 | D:1      | Reached XP level 2. HP: 23/24 MP: 4/4
   306 | D:1      | Reached XP level 3. HP: 31/31 MP: 5/5
   457 | D:1      | Reached skill level 2 in Unarmed Combat
  1216 | D:2      | Reached XP level 4. HP: 31/39 MP: 6/6
  1755 | D:2      | Learned a level 3 spell: Mephitic Cloud
  1832 | D:3      | Found a stormy altar of Qazlal.
  1917 | D:3      | Reached skill level 3 in Unarmed Combat
  1949 | D:3      | Reached XP level 5. HP: 45/45 MP: 7/7
  2018 | D:3      | Found a shadowy altar of Dithmenos.
  2019 | D:3      | Found a glowing silver altar of Zin.
  2327 | D:3      | Reached skill level 4 in Unarmed Combat
  2327 | D:3      | Reached XP level 6. HP: 34/53 MP: 8/8
  2599 | D:4      | Found a staircase to the Ecumenical Temple.
  2611 | Temple   | Entered the Ecumenical Temple
  2905 | D:4      | Found a basalt altar of Yredelemnul.
  2952 | D:4      | Reached skill level 5 in Unarmed Combat
  2952 | D:4      | Reached XP level 7. HP: 39/59 MP: 9/9
  3008 | D:4      | Found a deep blue altar of Sif Muna.
  3008 | D:4      | Found an ancient bone altar of Kikubaaqudgha.
  3009 | D:4      | Found a shattered altar of Ashenzari.
  3078 | D:4      | Became a worshipper of Ashenzari the Shackled
  3279 | D:5      | Entered Level 5 of the Dungeon
  3331 | D:5      | Reached skill level 6 in Unarmed Combat
  3401 | D:5      | Reached XP level 8. HP: 51/67 MP: 10/10
  3403 | D:5      | Reached skill level 5 in Conjurations
  3802 | D:5      | Reached skill level 7 in Unarmed Combat
  4053 | D:6      | Found a glowing golden altar of the Shining One.
  4079 | D:6      | Found a runed door.
  4079 | D:6      | Noticed Toevvela's ghost (novice MfHu)
  4154 | D:6      | Killed Toevvela's ghost
  4154 | D:6      | Reached skill level 8 in Unarmed Combat
  4192 | D:6      | Reached XP level 9. HP: 43/74 MP: 11/11
  4196 | D:6      | Reached * piety under Ashenzari
  4214 | D:6      | Got the cursed robe of Death's Door {MP+9 Slay+2 Stlth-}
  4225 | D:6      | Identified the cursed +0 robe of Death's Door {MP+9 Slay+2 Stlth-} (You found it on level 6 of the Dungeon)
  4289 | D:6      | HP: 3/74 [black bear (6)]
  4289 | D:6      | Mangled by a black bear

Vault maps used:
D:1:      sevenhm_arrival_forest_fort_small_4, st_stairs_1, minmay_box_of_dots
D:2:      wad_crossroads
D:3:      lemuel_crystal_altar, gammafunk_temple_overflow_statue,
          hangedman_glass_garden, cheibrodos_gnoll_hut
D:4:      gammafunk_temple_overflow_claw, kennysheep_mini_moat,
          minmay_temple_entry_hall, first_ration, serial_glass, glass_columns_b,
          glass_columns_a, grunt_ministairs_1, minmay_bisected
D:5:      item_on_display_a
D:6:      tso_oasis_becter, gammafunk_ghost_grave
Temple:   nicolae_temple_figure_zero

Skill      XL: |  1  2  3  4  5  6  7  8 |
---------------+-------------------------+-----
Conjurations   | 1 2 3 4 6 |  6.3
Unarmed Combat | 1 2 3 4 5 6 8 |  8.2
Dodging        | |  1.5
Stealth        | |  1.0
Spellcasting   | |  2.0
Summonings     | |  0.6
Translocations | |  0.6

Action                   |  1- 3 |  4- 6 |  7- 9 || total
-------------------------+-------+-------+-------++-------
Melee: Unarmed           |   153 |   193 |   175 ||   521
       Punch             |       |       |     3 ||     3
 Cast: Magic Dart        |     9 |       |       ||     9
       Mephitic Cloud    |       |     6 |     3 ||     9
Invok: Curse Item        |       |       |     2 ||     2
  Use: Scroll            |       |     4 |     3 ||     7
       Potion            |       |       |     1 ||     1
 Stab: Sleeping          |     2 |       |       ||     2
       Confused          |       |     1 |       ||     1
  Eat: Chunk             |    17 |    18 |    12 ||    47
Armor: Robe              |    77 |    67 |    48 ||   192
       Skin              |       |       |     7 ||     7
Dodge: Dodged            |    87 |    90 |    78 ||   255

Table legend:
 A = Spawn XP
 B = Non-spawn XP
 C = Spawn XP percentage of total XP
 D = Spawn monster count
 E = Non-spawn monster count
 F = Spawn count percentage of total count
 G = Total turns spent on level
                    A         B        C        D         E        F      G
               +---------+---------+-------+---------+---------+-------+---------
         Total |       0 |    2853 |   0.0 |       0 |     142 |   0.0 |  4289
               +---------+---------+-------+---------+---------+-------+---------
           D:1 |       0 |      60 |   0.0 |       0 |      31 |   0.0 |   712
           D:2 |       0 |      74 |   0.0 |       0 |      24 |   0.0 |   988
           D:3 |       0 |     321 |   0.0 |       0 |      34 |   0.0 |   805
           D:4 |       0 |     573 |   0.0 |       0 |      15 |   0.0 |   652
           D:5 |       0 |     904 |   0.0 |       0 |      24 |   0.0 |   628
           D:6 |       0 |     921 |   0.0 |       0 |      14 |   0.0 |   382
               +---------+---------+-------+---------+---------+-------+---------
